 Dungeon Crawl Stone Soup version 0.28-a0-1447-ga5a8893891 (webtiles) character file.

Game seed: 1759716426989632188

315 testman the Skirmisher (level 6, -1/48 HPs)
             Began as a Djinni Cinder Acolyte on Jan 10, 2022.
             Was a High Priest of Ignis.
             Slain by an orc warrior (9 damage)
             ... on level 3 of the Dungeon.
             The game lasted 00:23:25 (4573 turns).

testman the Skirmisher (Djinni Cinder Acolyte)      Turns: 4573, Time: 00:23:26

Health: -1/48      AC:  4    Str: 15    XL:     6   Next: 72%
Gold:   142        EV: 11    Int: 16    God:    Ignis [*****.] SH:  0 Dex:  8

rFire   + + +      SeeInvis .   a - -1 falchion (flame)
rCold   x x .      Faith    .   (no shield)
rNeg    . . .      Spirit   .   e - +0 leather armour
rPois   ∞          Reflect  .   g - +0 helmet
rElec   .          Harm     .   (no cloak)
rCorr   .          Rampage  .   (no gloves)
Will    .....                   (boots unavailable)
Stlth   +.........              (no amulet)
HPRegen 0.16/turn               n - ring of fire
MPRegen 0.00/turn               (no ring)

@: about to teleport, flying
A: sickness immunity, fire resistance 2, cold vulnerability 1, float, innate
caster, hp casting, extra vitality 1
a: Renounce Religion, Fiery Armour, Foxfire Swarm, Rising Flame


You were on level 3 of the Dungeon.
You worshipped Ignis.
Ignis was extremely pleased with you.
You visited 1 branch of the dungeon, and saw 4 of its levels.

You collected 142 gold pieces.

Inventory:

Hand Weapons
 a - a -1 falchion of flaming (weapon)
 j - a +0 hunting sling
Missiles
 f - 149 stones
 i - 13 poisoned darts
 k - 24 sling bullets
 o - 2 boomerangs (quivered)
Armour
 b - a +0 robe
 e - a +0 leather armour (worn)
 g - a +0 helmet (worn)
Jewellery
 n - a ring of fire (left hand)
Scrolls
 c - a scroll of teleportation
Potions
 l - 4 potions of curing
 m - a potion of lignification
 p - a potion of brilliance


   Skills:
 + Level 4.7 Fighting
 + Level 4.2 Long Blades
 + Level 3.6 Spellcasting


You had 7 spell levels left.
You knew the following spells:

 Your Spells              Type           Power      Damage    Failure   Level
a - Scorch                Fire           44%        2d7       7%          2
b - Pain                  Necr           56%        1d6       4%          1
c - Corpse Rot            Necr/Air       28%        N/A       7%          2
Your spell library was empty.

Dungeon Overview and Level Annotations

Branches:
Dungeon (4/15)
 Temple: D:4-7

Altars:


Innate Abilities, Weirdness & Mutations

You are immune to sickness and miasma.
You are immune to poison.
Your flesh is very heat resistant. (rF++)
You are vulnerable to cold. (rC-)
You float through the air rather than walking.
You learn spells naturally, not from books.
Your magical power is your life essence.
You have superior vitality. (+4 MHP)


Message History

Okay, then.
Okay, then.
Okay, then.
You barely miss the ball python.
The ball python bites you but does no damage.
The ball python grabs you. The ball python constricts you.
The ball python barely misses you. The ball python constricts you.
You hit the ball python. You burn the ball python.
You kill the ball python!
Press: ? - help, v - describe, . - travel
Here: an orc, wielding a +0 dagger The floor.
Casting: Scorch (safe; 7% risk of failure)
Confirm with . or Enter, or press ? or * to list all spells.
You feel a surge of power!
Flames lash the orc.
You kill the orc!
Casting: Scorch (safe; 7% risk of failure)
Confirm with . or Enter, or press ? or * to list all spells.
You feel a surge of power!
Flames lash the orc warrior but do no damage.
The orc warrior hits you with a +0 battleaxe!!
Ouch! That really hurt!
* * * LOW HITPOINT WARNING * * *
You hit the orc warrior. You burn the orc warrior.
The orc warrior is lightly wounded.
The orc warrior barely misses you.
You feel much better.
The orc warrior hits you but does no damage.
You hit the orc warrior but do no damage.
The orc warrior is lightly wounded.
The orc warrior hits you with a +0 battleaxe!
You closely miss the orc warrior.
The orc warrior is lightly wounded.
The orc warrior hits you with a +0 battleaxe!!
The orc warrior hits you with a +0 battleaxe!
* * * LOW HITPOINT WARNING * * *
As you read the scroll of teleportation, it crumbles to dust.
You feel strangely unstable.
The orc warrior hits you with a +0 battleaxe!
You die...

######## #########
##....... #.......#
##........ #.......#
#......... #.......#
#.........
#.....@o######.........
#........o.............
#.......#####..........
#.......# #..........
#.......# ##.#.......
#.......# #.#####...
######### #....##.##
####..#.## ##.#.##


You could see an orc warrior and an orc.

Vanquished Creatures
  A scorpion (D:4)
  A gnoll shaman (D:4)
  An iguana (D:4)
  Robin (D:3)
  5 gnolls
  5 adders
  An adder skeleton (D:4)
  A worm (D:3)
  A dart slug (D:1)
  3 orcs
  2 endoplasms
  3 giant cockroaches
  12 goblins
  12 hobgoblins
  8 jackals
  4 kobolds (D:2)
  A quokka (D:1)
  12 ball pythons
  4 bats
  4 frilled lizards
  7 rats
89 creatures vanquished.

Notes
Turn   | Place    | Note
-------+----------+-------------------------------------------
     0 | D:1      | testman the Djinni Cinder Acolyte began the quest for the
                  | Orb.
     0 | D:1      | Reached XP level 1. HP: 20/20 MP: 0/0
   159 | D:1      | Reached XP level 2. HP: 7/25 MP: 0/0
   701 | D:1      | Reached XP level 3. HP: 12/30 MP: 0/0
   701 | D:1      | Learned a level 1 spell: Pain
  1755 | D:2      | Reached XP level 4. HP: 35/35 MP: 0/0
  2406 | D:2      | Found a faded altar of an unknown god.
  2691 | D:2      | Reached XP level 5. HP: 17/41 MP: 0/0
  2691 | D:2      | Learned a level 2 spell: Corpse Rot
  2918 | D:3      | Noticed Robin
  3197 | D:3      | Killed Robin
  3889 | D:4      | Noticed an ogre
  3950 | D:4      | Reached XP level 6. HP: 41/48 MP: 0/0
  4436 | D:4      | Noticed an orc warrior
  4573 | D:3      | Slain by an orc warrior

Illustrated notes

Levels and vault maps discovered:
D:1:      dpeg_arrival_boxorama, layout_rooms, hex_medium, st_stairs_8
D:2:      minmay_alternating_diamond, layout_rooms,
          chequers_ecumenical_altar_island, kennysheep_generic_room_14
D:3:      layout_rooms, uniq_robin
D:4:      minmay_diamond_boxcup, layout_loops_ring, mainiacjoe_overflow_alcove_3

Skill      XL: |  1  2  3  4  5  6 |
---------------+-------------------+-----
Long Blades    | 3 4 |  4.2
Spellcasting   | 3 |  3.6
Fighting       | 4 |  4.7

Action                   |  1- 3 |  4- 6 || total
-------------------------+-------+-------++-------
Melee: Falchion          |   115 |   161 ||   276
       Punch             |       |     3 ||     3
Throw: Boomerang         |       |     1 ||     1
 Cast: Pain              |       |    21 ||    21
       Scorch            |       |     9 ||     9
       Corpse Rot        |       |     2 ||     2
Invok: Fiery Armour      |     1 |     1 ||     2
  Use: Scroll            |       |     6 ||     6
       Potion            |       |     2 ||     2
Armor: Robe              |    54 |    51 ||   105
       Leather armour    |       |    14 ||    14
Dodge: Dodged            |    75 |   136 ||   211

Table legend: (Time is in decaauts)
 A = Elapsed time spent in this place.
 B = Non-inter-level travel time spent in this place.
 C = Inter-level travel time spent in this place.
 D = Time resting spent in this place.
 E = Time spent auto-exploring this place.
 F = Levels seen in this place.
 G = Mean time per level.
                   A        B        C        D        E       F      G
               +--------+--------+--------+--------+--------+-----+--------+
         Total |   4613 |   4531 |     82 |   1873 |   1784 |   4 | 1153.2 |
       Dungeon |   4613 |   4531 |     82 |   1873 |   1784 |   4 | 1153.2 |
               +--------+--------+--------+--------+--------+-----+--------+

Top non-repeatable levels by time:
     D:2: 1651 daAuts
     D:1: 1547 daAuts
     D:3: 1078 daAuts
     D:4: 336 daAuts
